 Dungeon Crawl Stone Soup version 0.31-a0-164-g2312942fda (webtiles) character file.

Game seed: 14293357509915609624

31 qw the Shield-Bearer (level 3, -1/23 HPs)
             Began as a Gargoyle Fighter on June 13, 2023.
             Slain by a hobgoblin (3 damage)
             ... led by Robin
             ... on level 2 of the Dungeon.
             The game lasted 00:00:33 (779 turns).

qw the Shield-Bearer (Gargoyle Fighter)              Turns: 779, Time: 00:00:33

Health: -1/23      AC: 13    Str: 21    XL:     3   Next: 22%
Magic:  3/3        EV:  4    Int:  8    God:
Gold:   12         SH:  4    Dex:  9    Spells: 2/2 levels left

rFire   . . .        Y - +0 war axe
rCold   . . .        c - +0 buckler
rNeg    + . .        h - +0 chain mail
rPois   inf          (no helmet)
rElec   +            (no cloak)
rCorr   .            e - +0 pair of gloves
SInv    .            (no boots)
Will    .....        (no amulet) Stlth
                     (no ring)
HPRegen 0.23/turn    (no ring)
MPRegen 0.08/turn

%: no passive effects
@: constricted
A: sickness immunity, AC +3, negative energy resistance 1, electricity
resistance, torment resistance 1, petrification resistance
a: no special abilities


You were on level 2 of the Dungeon.
You visited 1 branch of the dungeon, and saw 2 of its levels.

You collected 12 gold pieces.


Innate Abilities, Weirdness & Mutations

You are immune to sickness and miasma.
Your stone body is resilient. (AC +3)
You are immune to poison.
You resist negative energy. (rN+)
You are resistant to electric shocks. (rElec)
You are resistant to unholy torment.
You are immune to petrification.


   Skills:
 - Level 3.2 Fighting
 + Level 3.2 Axes
 - Level 3.2 Armour
 - Level 3.2 Shields


You had 2 spell levels left.
You didn't know any spells.
Your spell library was empty.

Inventory:

Hand Weapons
 f - a +4 whip of freezing
 Y - a +0 war axe (weapon)
Armour
 c - a +0 buckler (worn)
 e - a +0 pair of gloves (worn)
 h - a +0 chain mail (worn)
Potions
 d - 2 potions of might
 i - a potion of mutation {unknown}
 j - a potion of cancellation {unknown}
 k - a potion of heal wounds {unknown}
 l - a potion of berserk rage {unknown}

Dungeon Overview and Level Annotations

Branches:
Dungeon (2/15)

Altars:

Annotations:
D:2 Robin


Message History

The adder bites you but does no damage. The goblin hits you with a +0 club.
The gnoll hits you from afar with a +0 spear. x2
A giant cockroach comes into view.
You completely miss the ball python.
The ball python is severely wounded.
You closely miss the kobold. You closely miss the adder.
You closely miss the goblin.
A bat comes into view.
The adder bites you but does no damage.
The ball python bites you but does no damage.
The ball python constricts you. The goblin hits you but does no damage.
The kobold barely misses you. The gnoll barely misses you.
The gnoll hits you but does no damage. The adder bites you.
The ball python bites you but does no damage.
The ball python constricts you. The kobold hits you with a +0 dagger.
The gnoll hits you from afar with a +0 spear.
The gnoll hits you but does no damage. The goblin barely misses you.
You hit the ball python.
You kill the ball python!
You hit the adder. You hit the goblin.
You kill the goblin!
You slash the kobold!
You kill the kobold!
An adder comes into view.
The adder bites you but does no damage. The adder barely misses you.
The gnoll hits you but does no damage. x2; You block the adder's attack.
Robin roars a battlecry!
The goblin unwields a +0 club.
The goblin wields a +0 sling.
The goblin shoots a sling bullet.
The sling bullet hits you but does no damage.
The ball python bites you but does no damage.
The ball python grabs you. The ball python constricts you.
You hear a shout!
The adder hisses angrily.
You barely miss the ball python. You barely miss the hobgoblin.
You barely miss the adder. x2
The adder bites you but does no damage. x2; You block the ball python's attack.
The ball python constricts you.
The gnoll hits you from afar with a +0 spear.
The gnoll hits you but does no damage. The hobgoblin hits you.
You die...

#..............
#.............. #
#......?....... ..
#..............
...#.........B....
...........w.....
#.(....SSg...##
#...)@Sgg....
#.<.##ggg#..#
#...# g#g....
##### gg .... b..
... ...S .. ...>.
. ......


You could see a worm, Robin, 3 gnolls, 3 adders, a giant cockroach, 3
hobgoblins, 3 goblins, a bat and a ball python.

Vanquished Creatures
  A worm (D:1)
  An endoplasm (D:1)
  A giant cockroach (D:1)
  5 goblins
  4 hobgoblins
  4 kobolds
  4 ball pythons
  3 frilled lizards (D:1)
  4 rats (D:1)
27 creatures vanquished.

Notes
Turn   | Place    | Note
-------+----------+-------------------------------------------
     0 | D:1      | qw the Gargoyle Fighter began the quest for the Orb.
     0 | D:1      | Reached XP level 1. HP: 14/14 MP: 1/1
     0 | D:1      | 0 ||| qw: Version: 0.2-a-29-gc1b59c4
     0 | D:1      | 0 ||| qw: Game counter: 4618
     0 | D:1      | 0 ||| qw: Always use a shield: true
     0 | D:1      | 0 ||| qw: God list: Okawaru
     0 | D:1      | 0 ||| qw: Allow faded altars: false
     0 | D:1      | 0 ||| qw: Do Orc after D:15 true
     0 | D:1      | 0 ||| qw: Do second Lair branch before Depths: true
     0 | D:1      | 0 ||| qw: Lair rune preference: random
     0 | D:1      | 0 ||| qw: Plans: Normal, Zot:1-4, Slime:5, God:TSO, Crypt,
                  | Tomb, Abyss, Pan, Hells, Win
     0 | D:1      | 0 ||| PLANNING D:1-11
    81 | D:1      | 81 ||| Stepping ~*~*~tactically~*~*~ (stealth).
    93 | D:1      | 93 ||| Stepping ~*~*~tactically~*~*~ (stealth).
    94 | D:1      | 94 ||| Stepping ~*~*~tactically~*~*~ (stealth).
   113 | D:1      | 113 ||| DRINKING 2 fizzy black potions.
   114 | D:1      | 114 ||| DROPPING potion of enlightenment.
   147 | D:1      | Reached XP level 2. HP: 19/19 MP: 2/2
   161 | D:1      | 161 ||| Stepping ~*~*~tactically~*~*~ (stealth).
   665 | D:1      | 665 ||| UPGRADING to +0 pair of gloves.
   670 | D:1      | 670 ||| UPGRADING to +0 chain mail.
   680 | D:1      | 680 ||| DROPPING +0 scale mail.
   681 | D:1      | 681 ||| READING scroll labelled ZAIDWO VIHOES.
   682 | D:1      | 682 ||| READING scroll labelled GUIRCH LEXA.
   683 | D:1      | 683 ||| READING scroll labelled OSITUO MATHRYI.
   720 | D:2      | 720 ||| STAIRDANCE
   729 | D:1      | Reached skill level 3 in Axes
   729 | D:1      | Reached XP level 3. HP: 14/23 MP: 3/3
   771 | D:2      | Noticed Robin
   779 | D:2      | HP: 2/23 [gnoll/+0 spear (6)]
   779 | D:2      | Slain by a hobgoblin

Levels and vault maps discovered:
D:1:      tarquinn_simple_flora_water_b, layout_basic, minivault_4,
          hangedman_glass_teeth
D:2:      layout_rooms, uniq_robin, uniq_crazy_yiuf_cottage

Skill      XL: |  1  2 |
---------------+-------+-----
Axes           | 2 3 |  3.2
Fighting       | |  3.2
Armour         | |  3.2
Shields        | |  3.2

Action                     || total
---------------------------++-------
  Melee: War axe           ||    66
    Use: Potion            ||     1
         Scroll            ||     3
 Armour: Scale mail        ||    15
         Chain mail        ||    26
  Dodge: Dodged            ||    26
  Block: Buckler           ||    13

Table legend:
 A = Non-vault XP
 B = Vault XP
 C = Vault XP percentage of total XP
 D = Non-vault monster count
 E = Vault monster count
 F = Vault count percentage of total count
                 A         B        C        D         E       F
            +---------+---------+-------+---------+---------+-------
      Total |      37 |       8 |  17.8 |      23 |       4 |  14.8
            +---------+---------+-------+---------+---------+-------
        D:1 |      34 |       0 |   0.0 |      21 |       0 |   0.0
        D:2 |       3 |       8 |  72.7 |       2 |       4 |  66.7
            +---------+---------+-------+---------+---------+-------
